Map: Prion Terraces

Players

Ryo

  • Race: Terran Terran
  • League: Platinum

Wellmet - Winner!

  • Race: Terran Terran
  • League: Diamond

VOD

Have the link to the VOD?

Description

Time

  • Played on: Nov. 13, 2015, 11:29 p.m.
  • Length: 14:13
Show
View Real Time Build Order
Export as new Build Order

Ryo Terran 

Build Orders: Bio Tank 

Get SALT Encoding   

  12  0:01  SCV  
  13  0:13  SCV  
  14  0:18  Supply Depot  
  14  0:25  SCV  
  15  0:40  SCV  
  15  0:41  Refinery  
  16  0:45  Barracks  
  16  0:52  SCV  
  17  1:04  SCV  
  18  1:16  SCV  
  19  1:28  SCV  
  20  1:35  Barracks Reactor  
  20  1:41  Command Center  
  20  1:49  Orbital Command  
  20  2:05  Factory  
  20  2:12  Marine x2  
  22  2:15  SCV  
  23  2:25  Supply Depot  
  23  2:33  Marine  
  23  2:46  Marine  
  23  2:47  SCV  
  23  2:48  Factory Tech Lab  
  23  2:49  Starport  
  23  2:50  Marine  
  26  2:52  Refinery  
  26  2:59  SCV  
  26  3:10  Marine x2  
  26  3:11  SCV  
  29  3:20  Supply Depot  
  29  3:21  Orbital Command  
  29  3:23  SCV  
  30  3:35  SCV  
  30  3:44  Marine x2  
  30  3:47  SCV  
  30  3:48  SCV  
  31  3:59  SCV  
  31  4:00  SCV  
  31  4:02  Siege Tank, Marine  
  36  4:11  Medivac  
  36  4:15  SCV  
  39  4:17  SCV  
  39  4:22  Supply Depot, Marine  
  39  4:23  Marine  
  42  4:28  SCV  
  42  4:29  SCV  
  42  4:30  Supply Depot  
  44  4:36  Siege Tank  
  44  4:38  Barracks  
  47  4:43  SCV  
  47  4:45  SCV  
  49  4:48  Engineering Bay  
  49  4:51  Marine x2  
  49  4:52  Medivac  
  53  4:57  SCV x2  
  55  5:08  Engineering Bay  
  55  5:09  SCV  
  55  5:13  Siege Tank, Marine x2  
  61  5:15  SCV  
  62  5:22  Terran Infantry Weapons Level 1  
  62  5:25  SCV  
  62  5:28  SCV  
  64  5:29  Barracks Reactor, Barracks Tech Lab  
  64  5:34  Barracks  
  64  5:35  Supply Depot  
  64  5:36  Supply Depot  
  64  5:39  Marine x2  
  66  5:55  Siege Tank  
  66  5:56  Marine x3  
  71  5:58  SCV, Starport Reactor  
  73  6:19  Command Center, Stimpack  
  73  6:20  Marine x2  
  73  6:21  SCV x2, Barracks  
  78  6:32  Barracks Tech Lab  
  77  6:35  Medivac  
  79  6:48  Marine x2  
  79  6:49  Marauder  
  79  6:52  SCV  
  79  6:53  SCV, Refinery x2  
  85  6:58  Armory  
  85  7:03  Marine  
  86  7:10  Supply Depot  
  86  7:11  Combat Shields  
  86  7:13  Supply Depot x2  
  86  7:27  Barracks Reactor  
  86  7:30  Marine x3  
  86  7:31  SCV x2, Supply Depot, Marauder  
  86  7:33  Supply Depot  
  93  7:43  SCV  
  94  7:48  Marine x2  
  94  7:49  Marauder  
  98  7:52  Marine  
  99  8:00  Siege Tank  
  99  8:04  Orbital Command  
  102  8:06  Marine x2  
  102  8:10  Marauder x2  
  102  8:11  Marine x2  
  110  8:19  SCV x2  
  112  8:24  Marine x2  
  114  8:29  Marine x2  
  114  8:31  Marauder x2  
  114  8:32  Terran Infantry Weapons Level 2  
  120  8:36  Terran Infantry Armor Level 1  
  120  8:42  Marine x2  
  120  8:44  SCV x2  
  120  8:46  SCV  
  120  8:47  Marine x2  
  126  8:52  Marine  
  126  8:53  Marauder  
  126  8:54  Siege Tank  
  132  8:57  Supply Depot  
  132  8:59  SCV x3, Marine x2  
  137  9:04  Marine  
  137  9:05  Marine  
  135  9:11  Marauder  
  135  9:14  Marauder  
  139  9:17  Missile Turret, Marine x2  
  139  9:19  Medivac  
  139  9:21  SCV x3  
  139  9:22  Marine x2  
  148  9:29  Supply Depot  
  148  9:33  SCV  
  148  9:35  Supply Depot  
  148  9:37  Siege Tank, Marine  
  148  9:38  Marauder x2  
  157  9:50  Marine x3  
  157  9:51  SCV x3  
  163  9:55  Factory, Marine  
  163  9:58  Supply Depot  
  163  9:59  Marauder, Marine  
  134  10:10  Siege Tank  
  105  10:15  Marine x2  
  105  10:16  Marine x2  
  105  10:17  Marauder  
  105  10:20  Marauder  
  105  10:33  Marine x2  
  105  10:34  Marine x2  
  102  10:38  Marauder  
  102  10:40  Viking x2  
  102  10:42  Siege Tank, Marauder  
  102  10:44  SCV x3  
  105  10:50  Marine  
  105  10:51  Marine  
  105  10:52  Marine x2  
  105  10:56  Factory Tech Lab, Barracks  
  109  10:57  Barracks  
  109  11:00  Marauder  
  109  11:03  Marauder  
  113  11:08  Marine x2  
  113  11:09  Marine  
  113  11:10  Marine  
  117  11:13  Command Center  
  117  11:14  Siege Tank  
  117  11:18  Viking x2  
  124  11:21  Marauder  
  124  11:25  Marauder  
  122  11:26  Marine x2  
  122  11:27  Marine x2  
  96  11:42  Marauder  
  96  11:44  Marine x2  
  96  11:45  Marine x2  
  96  11:46  Siege Tank, Marauder  
  92  11:48  Siege Tank  
  92  11:53  Barracks Reactor x2  
  95  11:58  SCV x2  
  97  12:02  Marine x2  
  97  12:03  Marine x3  
  97  12:07  Marine  
  96  12:19  Marine  
  96  12:20  Marine  
  96  12:21  Marine x2  
  96  12:22  Siege Tank x2, Marauder  
  101  12:25  Marauder  
  103  12:30  Marine x2  
  103  12:31  Orbital Command, Marine x2  
  107  12:37  Marine x2  
  107  12:38  Marine, Medivac  
  107  12:39  Marine  
  107  12:43  Marauder  
  115  12:47  Marauder  
  115  12:48  Marine x2  
  115  12:49  Marine  
  115  12:50  SCV  
  121  12:54  Siege Tank  
  121  12:55  Marine x2  
  125  13:04  SCV, Marauder  
  124  13:05  Marine  
  124  13:06  Marine  
  124  13:07  Marine x2  
  124  13:08  Marauder  
  108  13:21  Marine  
  108  13:23  Marine x2  
  108  13:26  Marauder  
  113  13:28  Marine x2  
  113  13:29  Marauder  
  113  13:33  Marine x2  
  117  13:40  Marine x2  
  111  13:42  Orbital Command  
  111  13:45  Marine x2  
  111  13:47  Marauder  
  121  13:50  Marine  
  121  13:51  Marauder  
Show
View Real Time Build Order
Export as new Build Order

Wellmet Terran - Winner!

Build Orders: Reaper Expand, Bio Tank, Banshee Rush 

Get SALT Encoding   

  12  0:01  SCV  
  13  0:13  SCV  
  14  0:19  Supply Depot  
  14  0:25  SCV  
  15  0:41  SCV  
  16  0:42  Barracks  
  16  0:47  Refinery  
  16  0:53  SCV  
  17  1:05  SCV  
  18  1:17  SCV  
  19  1:29  Orbital Command  
  19  1:31  Reaper  
  20  1:42  Command Center  
  20  1:52  Supply Depot  
  20  1:56  SCV  
  20  1:58  Refinery  
  21  2:03  Barracks Reactor  
  21  2:08  SCV  
  22  2:20  SCV  
  23  2:25  Factory  
  23  2:32  SCV  
  24  2:44  Marine x2  
  25  2:45  SCV  
  27  2:55  Orbital Command  
  27  2:58  SCV  
  27  3:01  Marine x2  
  30  3:09  Starport  
  30  3:10  Factory Tech Lab, SCV  
  31  3:21  SCV  
  31  3:25  SCV  
  33  3:27  Marine x2  
  33  3:34  SCV  
  36  3:44  SCV  
  36  3:46  Marine x2  
  39  3:49  SCV  
  39  3:50  Factory Tech Lab  
  39  3:54  Command Center  
  40  3:56  Banshee  
  40  3:58  SCV  
  40  4:00  Cloaking Field  
  44  4:04  Marine  
  44  4:11  Marine  
  44  4:16  SCV  
  46  4:17  SCV, Siege Tank  
  46  4:21  Supply Depot  
  50  4:28  SCV, Marine x2  
  53  4:34  SCV  
  54  4:42  Raven  
  54  4:45  Supply Depot, Marine  
  56  4:46  SCV x2, Marine  
  56  4:50  Supply Depot  
  60  5:00  SCV x2  
  60  5:01  Siege Tank  
  60  5:07  Orbital Command  
  62  5:11  Marine x2  
  64  5:16  SCV x2  
  64  5:19  Supply Depot  
  66  5:25  Banshee  
  66  5:26  Barracks  
  66  5:28  SCV x2  
  71  5:32  SCV  
  71  5:33  Marine x2  
  71  5:34  Refinery  
  74  5:44  SCV x2  
  74  5:48  SCV  
  76  5:52  Siege Tank  
  76  5:56  SCV  
  80  5:58  Barracks  
  80  6:03  SCV x2, Barracks  
  82  6:04  Barracks  
  82  6:08  Marine x2  
  82  6:09  Engineering Bay  
  82  6:10  Engineering Bay  
  84  6:13  SCV  
  84  6:15  SCV  
  85  6:21  SCV  
  85  6:24  Siege Tank  
  85  6:25  Starport Reactor  
  89  6:26  Stimpack, Marine x2  
  89  6:27  SCV  
  89  6:28  Refinery  
  89  6:30  SCV  
  93  6:34  Marine  
  93  6:37  SCV  
  93  6:39  SCV, Supply Depot  
  96  6:41  Terran Infantry Weapons Level 1  
  96  6:44  Supply Depot  
  96  6:46  Terran Infantry Armor Level 1, Marine x2  
  94  6:54  Barracks Reactor x2  
  94  6:59  Orbital Command, Marine  
  95  7:06  Medivac  
  97  7:10  Marine x2  
  99  7:20  Barracks Reactor  
  99  7:21  SCV  
  100  7:28  Barracks  
  100  7:29  Siege Tank, Barracks  
  103  7:30  Barracks, Medivac  
  103  7:35  Marine x5  
  110  7:39  Medivac  
  112  7:45  Marine x2  
  112  7:46  Missile Turret  
  112  7:49  Refinery  
  112  7:50  Refinery  
  113  7:52  Marine  
  113  7:53  Marine x3  
  113  7:56  Marine  
  113  7:57  Marine  
  117  8:06  Supply Depot x2  
  117  8:07  Supply Depot  
  117  8:08  SCV x3, Marine x2  
  117  8:09  Siege Tank  
  125  8:13  Armory  
  125  8:16  Supply Depot, Liberator  
  125  8:18  Liberator  
  125  8:20  Barracks Reactor  
  125  8:21  Barracks Reactor  
  125  8:26  SCV  
  125  8:27  Marine x5  
  125  8:28  SCV x2  
  125  8:30  Marine  
  125  8:31  Marine x2  
  138  8:40  Marine x2  
  143  8:44  Supply Depot  
  143  8:46  Siege Tank  
  143  8:48  Marine x2  
  148  8:51  Marine  
  148  8:52  Marine x3  
  148  8:55  Marine x2  
  153  8:59  Liberator  
  153  9:00  Marine x2  
  153  9:02  Command Center  
  155  9:06  Marine x2  
  155  9:09  Marine x2  
  158  9:12  Combat Shields, Marine  
  158  9:13  Marine  
  158  9:16  Marine x2  
  155  9:18  Liberator  
  155  9:19  Terran Infantry Weapons Level 2, Terran Infantry Armor Level 2  
  155  9:21  Marine x2  
  157  9:32  Marine x2  
  157  9:34  Siege Tank  
  165  9:42  Marine  
  165  9:43  Marine  
  165  9:47  Supply Depot  
  165  9:51  Liberator  
  165  9:59  Supply Depot  
  165  10:01  Marine x3, Liberator  
  165  10:02  Marine  
  165  10:05  Marine  
  150  10:11  Marine  
  150  10:12  Marine x2  
  123  10:16  Marine x2  
  123  10:17  Marine x2  
  123  10:19  Marine x2  
  126  10:30  Command Center, Marine  
  126  10:32  Marine  
  116  10:36  Marine  
  116  10:38  Marine x2  
  116  10:39  Marine x4  
  116  10:40  Barracks Reactor  
  116  10:41  Marine  
  116  10:42  Marine x3  
  127  10:43  Siege Tank  
  130  10:50  Factory  
  130  10:51  Starport  
  130  10:52  Planetary Fortress  
  130  10:53  Marine  
  130  10:54  Marine x2  
  130  10:56  Marine  
  133  10:57  Marine x3  
  133  11:03  Missile Turret, Marine x3  
  138  11:06  Missile Turret  
  138  11:08  Supply Depot  
  138  11:09  Marine x2  
  140  11:11  Marine x2  
  140  11:13  Fusion Core  
  140  11:14  Medivac x2  
  140  11:15  Siege Tank  
  140  11:17  Marine  
  142  11:27  Marine x3  
  142  11:28  Marine x2  
  142  11:29  Marine x2  
  142  11:31  SCV x2  
  142  11:32  Marine x3  
  132  11:33  Marine  
  132  11:36  Marine  
  125  11:44  Medivac  
  121  11:47  Marine x3  
  121  11:48  Siege Tank  
  121  11:52  Marine x2  
  129  11:59  Marine, Medivac  
  129  12:00  Marine  
  133  12:01  Marine x2  
  133  12:02  Marine  
  136  12:09  Marine  
  136  12:11  Marine x2  
  136  12:12  Marine x6  
  136  12:13  Marine  
  131  12:17  Marine x2  
  131  12:18  Liberator x2  
  131  12:20  Siege Tank  
  129  12:24  Factory Tech Lab  
  129  12:28  Marine  
  129  12:29  Marine x3  
  139  12:37  Starport Tech Lab  
  139  12:41  Planetary Fortress  
  139  12:42  Marine x3  
  139  12:43  Missile Turret  
  142  12:44  Marine x2  
  142  12:45  Missile Turret  
  142  12:49  Siege Tank  
  146  12:52  Siege Tank  
  146  12:55  Marine  
  150  12:58  Marine x2  
  150  13:04  Liberator x2  
  150  13:05  Marine x2  
  145  13:06  Marine  
  145  13:11  Marine x2  
  145  13:12  Marine x3  
  138  13:18  Marine x3  
  123  13:21  Siege Tank  
  123  13:24  Siege Tank  
  134  13:31  Refinery, Marine x3  
  134  13:32  Refinery, Marine x5  
  142  13:39  Marine x2  
  144  13:47  Marine x2  
  146  13:55  Marine x2  
Tags
 
Add a new tag
Caveats
  • Supply blocks, unpowered buildings, or Contaminate may cause inaccurate times.
  • Supply counts are checked every 10 seconds.